 Dungeon Crawl Stone Soup version 0.31-a0-507-gbafd7f5274 (webtiles) character file.

Game seed: 3147511374052913550

47 oldmanjim the Changeling (level 3, -4/36 HPs)
             Began as an Ogre Shapeshifter on Aug 10, 2023.
             Slain by a worm (7 damage)
             ... on level 4 of the Dungeon.
             The game lasted 00:03:33 (1194 turns).

oldmanjim the Changeling (Ogre Shapeshifter)        Turns: 1194, Time: 00:03:34

Health: -4/36      AC:  3    Str: 21    XL:     3   Next: 70%
Magic:  3/3        EV:  9    Int:  9    God:
Gold:   57         SH:  0    Dex:  9    Spells: 2/2 levels left

rFire   . .          .
                       - Unarmed
rCold   . . .        (no shield)
rNeg    . . .        a - +0 animal skin
rPois   .            (helmet currently unavailable)
rElec   .            (cloak currently unavailable)
rCorr   +            (gloves unavailable)
SInv    .            (boots unavailable)
Will    .....        (no amulet)
Stlth   +            i - ring of resist corrosion
HPRegen 0.26/turn    (no ring)
MPRegen 0.08/turn

%: no passive effects
@: beast-form
A: beast (slay +2), large, unfitting armour, tough skin 1
a: Begin Untransformation


You were on level 4 of the Dungeon.
You were a hulking beast.
You visited 1 branch of the dungeon, and saw 3 of its levels.

You collected 57 gold pieces.

Inventory:

Missiles
 e - 21 stones (quivered)
Armour
 a - a +0 animal skin (worn)
Jewellery
 h - a ring of fire
 i - a ring of resist corrosion (left hand)
Talismans
 c - a beast talisman (active)
 d - a flux talisman
Scrolls
 g - a scroll of enchant armour {unknown}
 j - a scroll of revelation {unknown}
 l - a scroll of butterflies {unknown}
 m - a scroll of brand weapon {unknown}
 n - a scroll of fear {unknown}
 o - a scroll of noise {unknown}
Potions
 b - a potion of lignification
 f - 2 potions of brilliance {unknown}
 k - a potion of curing {unknown}


   Skills:
 + Level 2.5 Fighting
 - Level 1.7 Dodging
 + Level 3.1 Unarmed Combat
 * Level 3.6 Shapeshifting


You had 2 spell levels left.
You didn't know any spells.
Your spell library contained the following spells:

 Spells                   Type           Power      Damage    Failure   Level
 Poisonous Vapours        Pois/Air       0%         N/A       52%         2
 Mephitic Cloud           Conj/Pois/Air  0%         N/A       77%         3
 Summon Guardian Golem    Hex/Summ       0%         N/A       77%         3
 Freezing Cloud           Conj/Ice/Air   0%         6-21      100%        5
 Orb of Destruction       Conj           0%         9d5       100%        7
 Spellforged Servitor     Conj/Summ      0%         N/A       100%        7


Dungeon Overview and Level Annotations

Branches:
Dungeon (2/15)

Altars:

Portals:
Sewer: D:4


Innate Abilities, Weirdness & Mutations

You are a hulking beast.
Your limbs bulge with bestial killing power. (Slay +2)
You are too large for most types of armour.
You have tough skin. (AC +1)


Message History

The orc shouts! x2; You hear a shout! x2
An orc comes into view. It is wielding a +0 mace.
An orc comes into view. It is wielding a +0 hand axe.
An orc wizard appears from thin air!
Reactivating autopickup.
The quokka twitches its whiskers.
The orc attacks as you move away! The orc closely misses you.
Found 7 gold pieces.
You hear the slow rusting of a drain very nearby.
The orc attacks as you move away! The orc barely misses you.
The orc attacks as you move away! The orc barely misses you.
Found a maw talisman.
The orc attacks as you move away! The orc hits you with a +0 falchion.
The orc attacks as you move away! The orc hits you with a +0 falchion!
Found a glowing drain.
The ball python hisses angrily.
The orc attacks as you move away! The orc hits you with a +0 falchion.
You open the door. The orc hits you but does no damage.
The rat bites you but does no damage.
The rat twitches its whiskers.
The river rat barely misses you.
There is an open door here.
You punch the rat!
You kill the rat!
The river rat bites you. The orc barely misses you.
You punch the rat!
You kill the rat!
The ball python bites you but does no damage.
The orc hits you with a +0 falchion. The river rat closely misses you.
You hit the ball python.
You kill the ball python!
The worm bites you.
You enter the shallow water.
The river rat bites you!
* * * LOW HITPOINT WARNING * * *
The river rat barely misses you. The river rat bites you.
* * * LOW HITPOINT WARNING * * *
You see here a rat corpse.
The river rat twitches its whiskers.
The river rat barely misses you. The worm bites you!
You die...

### ..# ######.# .###
#~~~~#.#
#.....#####.#~~hw#.#
...).. .#.#~rror.#
.....# #...#~~r~#O#
..o.# ###.#~~~~#.##
oo.> #.######r.# ##.#
#...r..o..# ##.!#
#.#..#.##.#
##...#######..o....#.#
.....o.o..............


You could see an ogre, a worm, 4 river rats and 2 orcs.

Vanquished Creatures
  An adder (D:2)
  6 ball pythons
  3 endoplasms
  A giant cockroach (D:1)
  7 goblins (D:1)
  2 hobgoblins (D:1)
  3 kobolds (D:1)
  3 quokkas (D:1)
  2 bats (D:1)
  2 frilled lizards
  5 rats
35 creatures vanquished.

Notes
Turn   | Place    | Note
-------+----------+-------------------------------------------
     0 | D:1      | oldmanjim the Ogre Shapeshifter began the quest for the
                  | Orb.
     0 | D:1      | Reached XP level 1. HP: 19/19 MP: 1/1
   183 | D:1      | Reached XP level 2. HP: 11/28 MP: 2/2
   540 | D:1      | Reached XP level 3. HP: 35/35 MP: 3/3
  1124 | D:2      | You fall into a shaft and drop 2 floors!
  1157 | D:4      | Noticed an ogre
  1184 | D:4      | Found a glowing drain.
  1194 | D:4      | Slain by a worm

Illustrated notes

Levels and vault maps discovered:
D:1:      lightli_arrival_maybe_door_vault, layout_loops_cross
D:2:      layout_basic, minmay_misc_feat_pillars
D:4:      layout_loops_corners, portal_sewer_entry_c

Skill      XL: |  1  2 |
---------------+-------+-----
Fighting       | 2 |  2.5
Unarmed Combat | 3 |  3.1
Dodging        | |  1.7
Shapeshifting  | |  3.6

Action                     || total
---------------------------++-------
  Melee: Unarmed           ||    91
 Armour: Animal skin       ||    31
  Dodge: Dodged            ||    45

Table legend: (Time is in decaauts)
 A = Elapsed time spent in this place.
 B = Non-inter-level travel time spent in this place.
 C = Inter-level travel time spent in this place.
 D = Time resting spent in this place.
 E = Time spent auto-exploring this place.
 F = Levels seen in this place.
 G = Mean time per level.
                   A        B        C        D        E       F      G
               +--------+--------+--------+--------+--------+-----+--------+
         Total |   1187 |   1161 |     26 |     72 |    827 |   3 |  395.7 |
       Dungeon |   1187 |   1161 |     26 |     72 |    827 |   3 |  395.7 |
               +--------+--------+--------+--------+--------+-----+--------+

Top non-repeatable levels by time:
     D:1: 971 daAuts
     D:2: 146 daAuts
     D:4: 69 daAuts
